 Dungeon Crawl Stone Soup version 0.23.2-33-g5129a83184 (webtiles) character file.

Game seed: 13204568368606948391

8125 senseless the Carver (level 11, -5/97 HPs)
             Began as a Minotaur Fighter on July 4, 2019.
             Was a Priest of Qazlal.
             Slain by a red ugly thing (19 damage)
             ... on level 11 of the Dungeon.
             The game lasted 00:36:59 (9356 turns).

senseless the Carver (Minotaur Fighter)             Turns: 9356, Time: 00:37:00

Health: -5/97      AC: 11    Str: 22    XL:     11   Next: 5%
Magic:  10/10      EV: 10    Int: 10    God:    Qazlal [***...]
Gold:   313        SH: 13    Dex: 12    Spells: 10/10 levels left

rFire    . . .     SeeInvis .   a - +2 long sword
rCold    + . .     Gourm    .   c - +0 shield
rNeg     . . .     Faith    .   l - +5 ring mail {rC+}
rPois    .         Spirit   .   (helmet restricted)
rElec    .         Reflect  .   E - +0 cloak
rCorr    .         Harm     .   (no gloves)
MR       +....                  (no boots)
Stlth    +.........             (no amulet)
HPRegen  0.26/turn              q - +5 ring of intelligence
MPRegen  0.12/turn              x - ring of protection from magic

@: studying Dodging, extremely drained
A: retaliatory headbutt, horns 2
a: Upheaval, Elemental Force, Renounce Religion


You were on level 11 of the Dungeon.
You worshipped Qazlal.
Qazlal was most pleased with you.
You were not hungry.

You visited 2 branches of the dungeon, and saw 13 of its levels.

You collected 484 gold pieces.
You spent 171 gold pieces at shops.

Inventory:

Hand Weapons
 a - a +2 long sword (weapon)
 v - a cursed -2 rapier
 F - a +2 flail of venom
Armour
 c - a +0 shield (worn)
 g - the +0 ring mail of the Eternal Fruit {Dex+3}
   (You bought it in a shop on level 4 of the Dungeon)

   It affects your dexterity (+3).
 l - a +5 ring mail of cold resistance (worn)
 E - a +0 cloak (worn)
 H - a +3 plate armour
Jewellery
 b - an uncursed ring of stealth
 q - a +5 ring of intelligence (left hand)
 x - a ring of protection from magic (right hand)
Wands
 w - a wand of flame (13)
 y - a wand of disintegration (10)
Scrolls
 e - a scroll of teleportation
 h - a scroll of amnesia
 n - 4 scrolls of remove curse
 p - 2 scrolls of fear
 D - 6 scrolls of blinking
Potions
 d - 4 potions of might
 j - 3 potions of lignification
 k - 2 potions of haste
 m - a potion of berserk rage
 o - 4 potions of curing
 r - a potion of resistance
 s - a potion of heal wounds
 t - a potion of agility
 u - a potion of mutation
 z - a potion of flight {unknown}
 C - a potion of invisibility {unknown}
Books
 i - a manual of Dodging
Comestibles
 f - 21 rations


   Skills:
 + Level 9.1(2.7) Fighting
 * Level 11.9(5.1) Long Blades
 + Level 9.2(2.8) Armour
 + Level 10.3(3.7) Dodging
 + Level 9.2(2.8) Shields


You had 10 spell levels left.
You didn't know any spells.
Your spell library contained the following spells:

 Spells                   Type           Power        Failure   Level  Hunger
 Animate Skeleton         Necr           N/A          96%         1    ##.....
 Pain                     Necr           #...         96%         1    ##.....
 Regeneration             Chrm/Necr      #.........   100%        3    ####...
 Vampiric Draining        Necr           #.........   100%        3    ####...
 Animate Dead             Necr           N/A          100%        4    #####..


Dungeon Overview and Level Annotations

Branches:
Dungeon (12/15)            Temple (1/1) D:6            Lair (0/6) D:10
    Orc (0/2) D:9

Altars:
Ashenzari
Cheibriados
Dithmenos
Elyvilon
Fedhas
Gozag
Hepliaklqana
Kikubaaqudgha
Makhleb
Nemelex Xobeh
Okawaru
Qazlal
Sif Muna
Trog
Uskayaw
Vehumet
Wu Jian
Xom
Yredelemnul
Zin
The Shining One

Shops:
D:4 *:!:[

Annotations:
D:11 Sonja


Innate Abilities, Weirdness & Mutations

You reflexively headbutt those who attack you in melee.
You have a pair of horns on your head.


Message History

The red ugly thing tentacle-slaps you.
You are engulfed in flames!
You closely miss the red ugly thing. You headbutt the red ugly thing.
The red ugly thing is lightly wounded.
The red ugly thing barely misses you. You furiously retaliate!
You headbutt the red ugly thing, but do no damage.
You barely miss the red ugly thing.
The red ugly thing is lightly wounded.
You block the red ugly thing's attack. The red ugly thing tentacle-slaps you!
You are engulfed in flames!
* * * LOW HITPOINT WARNING * * *
You barely miss the red ugly thing.
The red ugly thing is lightly wounded.
You block the red ugly thing's attack.
You slash the red ugly thing!
Your headbutt misses the red ugly thing.
The red ugly thing is moderately wounded.
The red ugly thing tentacle-slaps you!
* * * LOW HITPOINT WARNING * * *
You are engulfed in flames!!
You die...

..# ..# #.#
#.# #.# #.#
#.#
########u#
......°@.#
......°).#
#######..#
#..# #..#
#..#
.#########..#
............#
##########..#


You could see a red ugly thing.

Vanquished Creatures
  An unseen horror (D:10)
  An ugly thing (D:10)
  A gargoyle (D:11)
  Psyche (D:8)
  A komodo dragon (D:10)
  A troll (D:10)
  A hippogriff (D:8)
  A wyvern (D:10)
  A hungry ghost (D:7)
  Menkaure (D:7)
  3 wargs (D:10)
  A swamp drake (D:9)
  An ice beast (D:10)
  2 sky beasts
  9 orc warriors
  A black bear (D:11)
  9 centaurs
  8 ogres
  5 bullfrogs
  A scorpion (D:7)
  11 wights
  A centaur zombie (D:6)
  3 crimson imps
  3 quasits
  2 hounds
  3 jellies
  8 orc priests
  A bullfrog skeleton (D:10)
  16 orc wizards
  3 iguanas
  11 worker ants
  A hound zombie (D:7)
  A worker ant zombie (D:10)
  A howler monkey zombie (D:7)
  Robin (D:4)
  9 adders
  A gnoll (D:6)
  An ooze (D:3)
  An adder skeleton (D:4)
  A dart slug (D:1)
  A leopard gecko (D:1)
  48 orcs
  3 giant cockroaches
  20 goblins
  9 hobgoblins
  18 jackals
  3 quokkas
  A ball python (D:1)
  3 bats
  2 frilled lizards
  A jackal zombie (D:6)
  8 kobolds
  A quokka skeleton (D:7)
  8 rats
255 creatures vanquished.

Vanquished Creatures (others)
  An orc (D:9)
1 creature vanquished.

Grand Total: 256 creatures vanquished

Notes
Turn   | Place    | Note
-------+----------+-------------------------------------------
     0 | D:1      | senseless the Minotaur Fighter began the quest for the Orb.
     0 | D:1      | Reached XP level 1. HP: 19/19 MP: 0/0
   136 | D:1      | Reached XP level 2. HP: 27/27 MP: 1/1
   329 | D:1      | Reached skill level 3 in Long Blades
   350 | D:1      | Reached XP level 3. HP: 23/33 MP: 2/2
   545 | D:2      | Reached skill level 1 in Dodging
   872 | D:2      | Reached XP level 4. HP: 40/40 MP: 3/3
  1400 | D:3      | Found a burning altar of Makhleb.
  1401 | D:3      | Found a glowing silver altar of Zin.
  1401 | D:3      | Noticed an angel
  1402 | D:3      | Noticed a blizzard demon
  1604 | D:3      | Reached skill level 4 in Long Blades
  1610 | D:3      | Reached XP level 5. HP: 39/47 MP: 4/4
  2014 | D:4      | Found Xizekkia's Book Shoppe.
  2036 | D:4      | Found Ifolomal's Antique Armour Boutique.
  2248 | D:4      | Noticed Robin
  2254 | D:4      | Reached XP level 6. HP: 50/53 MP: 5/5
  2257 | D:4      | Killed Robin
  2283 | D:4      | Found Bollutselib's Distillery.
  2315 | D:4      | Found Mampufra's Book Emporium.
  2380 | D:4      | Found Javeusoc's General Store.
  2493 | D:5      | Entered Level 5 of the Dungeon
  2503 | D:5      | Reached skill level 5 in Long Blades
  2528 | D:5      | Reached skill level 5 in Fighting
  2528 | D:5      | Reached skill level 5 in Shields
  2542 | D:5      | Reached skill level 5 in Armour
  2912 | D:5      | Reached XP level 7. HP: 51/61 MP: 6/6
  3243 | D:6      | Reached skill level 6 in Long Blades
  3378 | D:6      | Found a glowing golden altar of the Shining One.
  3378 | D:6      | Found a white marble altar of Elyvilon.
  3379 | D:6      | Found an ancient bone altar of Kikubaaqudgha.
  3397 | D:6      | Found a staircase to the Ecumenical Temple.
  3425 | Temple   | Entered the Ecumenical Temple
  3498 | Temple   | Became a worshipper of Qazlal Stormbringer
  3562 | D:6      | Reached skill level 5 in Dodging
  3565 | D:6      | Reached XP level 8. HP: 36/70 MP: 7/7
  3735 | D:6      | Reached skill level 7 in Long Blades
  4204 | D:4      | Bought a pitted ring mail for 171 gold pieces
  4214 | D:4      | Identified the +0 ring mail of the Eternal Fruit {Dex+3}
                  | (You bought it in a shop on level 4 of the Dungeon)
  4404 | D:7      | Found a basalt altar of Yredelemnul.
  4409 | D:7      | Noticed Menkaure
  4419 | D:7      | Killed Menkaure
  4419 | D:7      | Reached skill level 8 in Long Blades
  4658 | D:7      | You fall through a shaft!
  4673 | D:8      | Reached * piety under Qazlal
  4780 | D:7      | Reached XP level 9. HP: 78/78 MP: 8/8
  5251 | D:7      | Reached skill level 9 in Long Blades
  5740 | D:8      | Noticed Psyche
  5749 | D:8      | Killed Psyche
  5753 | D:8      | Reached skill level 10 in Long Blades
  6328 | D:9      | Found a shattered altar of Ashenzari.
  6481 | D:9      | Noticed a cyan ugly thing
  6557 | D:9      | Reached XP level 10. HP: 88/88 MP: 9/9
  6558 | D:9      | Reached ** piety under Qazlal
  6563 | D:9      | Found a staircase to the Orcish Mines.
  7096 | D:10     | Entered Level 10 of the Dungeon
  7211 | D:10     | Found a staircase to the Lair.
  7563 | D:10     | Reached skill level 11 in Long Blades
  7975 | D:10     | Killed an unseen horror
  8248 | D:11     | Noticed a white ugly thing
  8270 | D:10     | Killed a white ugly thing
  8270 | D:10     | Reached skill level 10 in Dodging
  8569 | D:11     | Reached *** piety under Qazlal
  8689 | D:11     | Reached XP level 11. HP: 75/97 MP: 10/10
  8822 | D:11     | Noticed Sonja
  8977 | D:11     | Noticed a red ugly thing
  8991 | D:11     | Identified the +10 ring mail of the Cooper {rPois MR+}
  9343 | D:12     | Noticed a red ugly thing
  9356 | D:11     | Slain by a red ugly thing

Skill      XL: |  1  2  3  4  5  6  7  8  9 10 |
---------------+-------------------------------+-----
Long Blades    | 3 4 5 6 8 10 11 | 11.9
Shields        | 4 5 6 8 9 |  9.2
Dodging        | 1 2 3 5 6 8 10 | 10.3
Fighting       | 4 5 6 7 9 |  9.1
Armour         | 4 5 6 7 9 |  9.2

Action                   |  1- 3 |  4- 6 |  7- 9 | 10-12 || total
-------------------------+-------+-------+-------+-------++-------
Melee: Long sword        |   100 |   158 |   276 |   276 ||   810
       Headbutt          |    11 |    27 |    58 |    74 ||   170
  Use: Scroll            |     5 |     6 |     7 |     6 ||    24
       Potion            |       |       |     1 |       ||     1
 Stab: Invisible         |       |       |     2 |       ||     2
       Confused          |       |       |       |     2 ||     2
  Eat: Chunk             |       |     7 |    15 |     8 ||    30
       Ration            |       |       |       |     1 ||     1
Armor: Scale mail        |    27 |       |       |       ||    27
       Ring mail         |    17 |    78 |    70 |    74 ||   239
Dodge: Dodged            |    36 |    62 |    85 |    95 ||   278
Block: Shield            |    50 |    79 |   139 |   200 ||   468
       Rpst.: Long sword |     6 |    13 |    29 |    20 ||    68
